 Dungeon Crawl Stone Soup version 0.32-a0-520-g344ed53f66 (webtiles) character file.

Game seed: 11479683080570554005

15669 javelincjr the Fighter (level 12, 0/145 HPs)
             Began as a Demonspawn Warper on Feb 27, 2024.
             Was a Priest of Beogh.
             Slain by a cane toad (1 damage)
             ... while petrified by a basilisk
             ... on level 4 of the Lair of Beasts.
             The game lasted 01:18:29 (14189 turns).

javelincjr the Fighter (Demonspawn Warper)         Turns: 14189, Time: 01:18:30

Health: 0/145      AC: 26    Str: 18    XL:     12   Next: 3%
Magic:  2/21       EV:  2    Int: 19    God:    Beogh [***...]
Gold:   937        SH:  0    Dex: 17    Spells: 9/23 levels left

rFire   + . .        r - +8 trident (freeze)
rCold   . . .        (no shield)
rNeg    + + +        H - melded +3 leather armour {rF+}
rPois   ∞            (helmet currently unavailable)
rElec   .            m - melded +0 cloak
rCorr   .            (gloves unavailable)
SInv    .            (boots currently unavailable)
Will    .....        n - amulet of reflection
Stlth   ++           F - ring of protection from fire
HPRegen 0.44/turn    K - ring of Moderation {Int+6 Dex+5}
MPRegen 0.17/turn

%: reflection
@: tree-form, petrified, on berserk cooldown
A: stationary, stasis, torment immunity, boosted hp, (hooves 2), (horns 2),
demonic magic 2, (demonic touch 3)
a: Renounce Religion, Smiting


You were on level 4 of the Lair of Beasts.
You worshipped Beogh.
Beogh was most pleased with you.
You were a tree.
You visited 2 branches of the dungeon, and saw 12 of its levels.
You also visited: Volcano.

You collected 1464 gold pieces.
You spent 527 gold pieces at shops.

Inventory:

Hand Weapons
 a - a +1 spear of protection
 r - a +8 trident of freezing (weapon)
 S - a +2 trident of flaming
Missiles
 d - 6 darts of dispersal
 p - 18 poisoned darts
 w - 2 boomerangs (quivered)
Armour
 g - a +0 ring mail
 m - a +0 cloak (melded)
 o - a +0 plate armour
 s - a +0 scale mail
 t - an orb of wrath
 y - a +2 leather armour of fire resistance
 D - a +0 chain mail of cold resistance
 H - a +3 leather armour of fire resistance (melded)
 Y - +0 steam dragon scales
Jewellery
 h - a +6 ring of strength
 j - a ring of fire
 n - an amulet of reflection (around neck)
 E - an amulet of guardian spirit
 F - a ring of protection from fire (left branch)
 I - a +4 ring of protection
 K - the ring of Moderation (right branch) {Int+6 Dex+5}
   (You bought it in a shop on level 6 of the Dungeon)

   [ring of intelligence]

   Int+6:     It affects your intelligence (+6).
   Dex+5:     It affects your dexterity (+5).
 M - a ring of protection from fire
 R - a +6 ring of intelligence
 X - a ring of positive energy
Wands
 c - a wand of charming (8)
 f - a wand of acid (11)
 v - a wand of warping (18)
 C - a wand of flame (62)
 T - a wand of mindburst (9)
Scrolls
 G - 3 scrolls of immolation {unknown}
 J - a scroll of butterflies {unknown}
 L - a scroll of fear {unknown}
 O - a scroll of revelation {unknown}
 U - a scroll of enchant armour {unknown}
 V - 2 scrolls of silence {unknown}
 W - a scroll of amnesia {unknown}
Potions
 e - 3 potions of attraction
 i - a potion of berserk rage
 k - 4 potions of brilliance
 l - 4 potions of curing
 q - 3 potions of degeneration
 u - 2 potions of mutation
 z - a potion of haste {unknown}
 A - 2 potions of magic {unknown}
 B - 2 potions of enlightenment
 P - 2 potions of might
 Q - a potion of invisibility


   Skills:
 * Level 9.9 Fighting
 + Level 6.6 Polearms
 - Level 1.0 Throwing
 + Level 6.2 Armour
 + Level 6.3 Dodging
 + Level 6.4 Spellcasting
 * Level 9.2 Translocations
 + Level 6.2 Invocations


You had 9 spell levels left.
You knew the following spells:

 Your Spells              Type           Power      Damage    Failure   Level
a - Blink                 Tloc           82%        N/A       1%          2
b - Lesser Beckoning      Tloc           82%        N/A       1%          2
c - Gell's Gravitas       Tloc           41%        N/A       1%          3
d - Manifold Assault      Tloc           41%        N/A       2%          4
e - Teleport Other        Tloc           41%        N/A       1%          3

Your spell library contained the following spells:

 Spells                   Type           Power      Damage    Failure   Level
 Volatile Blastmotes      Fire/Tloc      46%        2d13      4%          3
 Slow                     Hex            24%        N/A       11%         1
 Cigotuvi's Dreadful Rot  Necr/Alch/Air  12%        N/A       16%         2
 Iskenderun's Mystic Bla  Conj/Tloc      23%        2d6       16%         4
 Vhi's Electric Charge    Tloc/Air       46%        N/A       16%         4
 Confusing Touch          Hex            6%         N/A       32%         3
 Inner Flame              Hex/Fire       6%         N/A       32%         3
 Sigil of Binding         Hex            6%         N/A       32%         3
 Vampiric Draining        Necr           6%         2d6       32%         3
 Dispersal                Tloc           20%        N/A       36%         6
 Dispel Undead            Necr           6%         3d8       71%         4
 Flame Wave               Conj/Fire      6%         2d5       71%         4
 Fulminant Prism          Conj/Alch      3%         3d5       71%         4
 Martyr's Knell           Necr/Summ      6%         N/A       71%         4
 Sticky Flame             Fire/Alch      6%         2d4       71%         4
 Death Channel            Necr           3%         N/A       100%        6


Dungeon Overview and Level Annotations

Branches:
Dungeon (9/15)             Temple (0/1) D:7            Lair (4/5) D:8
  Snake (0/4) Lair:2      Volcano (visited)
  Swamp: Lair:2-3    Shoals: Lair:2-3     Slime: Lair:4-5       Orc: D:9-12

Altars:
Dithmenos
Fedhas
Gozag
Hepliaklqana
Makhleb
Okawaru
Qazlal
Ru
Sif Muna
Vehumet
Wu Jian
Xom
Yredelemnul

Shops:
D:6 *[*   D:8 *   D:9 *=((


Innate Abilities, Weirdness & Mutations

You are a tree.
Your roots penetrate the ground, keeping you stationary.
You cannot be teleported.
You are immune to unholy pain and torment.
Your maximum health is greatly increased.
You are immune to poison.
Your equipment is partially melded.
Your facial features look somewhat orcish.
((You have hoof-like feet.))
((You have a pair of horns on your head.))
Spells you cast may paralyse nearby enemies.
((Your touch may irresistibly damage your foes and sap their willpower.))


Message History

The wyvern bites you.
* * * LOW HITPOINT WARNING * * *
You have turned to stone.
The cane toad stings you!
* * * LOW HITPOINT WARNING * * *
The wyvern bites you but does no damage.
The cane toad stings you but does no damage.
You feel yourself speed up.
The basilisk is no longer paralysed. x2; The wyvern bites you!
* * * LOW HITPOINT WARNING * * *
The wyvern bites you.
* * * LOW HITPOINT WARNING * * *
The cane toad stings you.
The basilisk bites you but does no damage.
The basilisk gazes at you. The wyvern bites you.
* * * LOW HITPOINT WARNING * * *
The cane toad stings you but does no damage.
The basilisk gazes at you. You resist with some effort.
The basilisk bites you but does no damage.
The wyvern bites you but does no damage.
The cane toad stings you but does no damage.
The wyvern bites you.
* * * LOW HITPOINT WARNING * * *
The basilisk bites you.
The basilisk bites you but does no damage.
The wyvern bites you but does no damage.
The cane toad stings you but does no damage.
The basilisk gazes at you. x2
You resist with some effort.
The wyvern bites you but does no damage.
The cane toad stings you.
* * * LOW HITPOINT WARNING * * *
The wyvern bites you.
* * * LOW HITPOINT WARNING * * *
The basilisk gazes at you.
The basilisk bites you but does no damage.
The cane toad stings you.
You die...

##..###..
##Y...............ß.....
F..l....................
PP..........#.ß.ß.).ß.ß.
........................
..................ß.....
.#...........P.ßll...ß..
#.......... #.kFlß.....
......... #.♣l...P..
.P.#....# ###P.....#
.......### ##...## ..#
##


You could see a cane toad, 4 basilisks and a wyvern.

Vanquished Creatures
  An orc sorcerer (Volcano)
  A salamander (Lair:2)
  A smoke demon (Volcano)
  2 molten gargoyles (Volcano)
  4 cane toads
  3 komodo dragons (Lair:1)
  2 red devils (Volcano)
  2 hornets
  8 blink frogs (Lair:1)
  4 wyverns
  6 fire bats (Volcano)
  3 basilisks
  7 yaks
  2 steam dragons
  3 nagas (Lair:2)
  10 water moccasins
  2 hell hounds (Volcano)
  An orc warrior (D:7)
  3 ice beasts
  2 ogres
  2 sky beasts (D:7)
  2 black bears
  3 centaurs
  A kobold brigand (D:5)
  12 bullfrogs
  3 scorpions (D:5)
  2 gnoll sergeants
  4 wights
  22 killer bees
  6 howler monkeys
  A bombardier beetle (D:4)
  4 electric eels (Lair:1)
  7 lava snakes
  3 jellies
  2 orc priests (D:7)
  6 hounds
  3 sleepcaps
  Ijyb (D:4)
  6 iguanas
  5 orc wizards
  8 adders
  8 gnolls
  2 shadow imps
  A white imp (D:5)
  5 ufetubi (D:6)
  3 ribbon worms
  3 dart slugs
  19 orcs
  3 ball pythons
  3 bats (D:3)
  8 endoplasms
  7 giant cockroaches
  7 goblins
  5 hobgoblins
  6 jackals (D:1)
  5 quokkas
  5 frilled lizards
  10 kobolds
  4 rats
274 creatures vanquished.

Vanquished Creatures (others)
  An orc wizard (D:7)
1 creature vanquished.

Grand Total: 275 creatures vanquished

Notes
Turn   | Place    | Note
-------+----------+-------------------------------------------
     0 | D:1      | javelincjr the Demonspawn Warper began the quest for the
                  | Orb.
     0 | D:1      | Reached XP level 1. HP: 16/16 MP: 3/3
    75 | D:1      | Reached skill level 1 in Throwing
    75 | D:1      | Reached skill level 1 in Armour
    88 | D:1      | Discovered your monstrous ancestry.
    88 | D:1      | Gained mutation: Your touch may inflict minor irresistible
                  | damage on your foes. [demonic ancestry]
    88 | D:1      | Reached XP level 2. HP: 3/22 MP: 5/5
   520 | D:1      | Learned a level 2 spell: Blink
   572 | D:1      | Gained mutation: You have large cloven feet. [demonic
                  | ancestry]
   572 | D:1      | Reached XP level 3. HP: 17/28 MP: 6/6
   691 | D:1      | Found a faded altar of an unknown god.
   965 | D:2      | Learned a level 2 spell: Lesser Beckoning
  1082 | D:2      | Gained mutation: You have a pair of small horns on your
                  | head. [demonic ancestry]
  1082 | D:2      | Reached XP level 4. HP: 30/34 MP: 7/7
  1633 | D:2      | Gained mutation: Your touch may inflict irresistible damage
                  | on your foes. [demonic ancestry]
  1633 | D:2      | Reached XP level 5. HP: 41/41 MP: 8/8
  1832 | D:3      | Found a shimmering blue altar of Sif Muna.
  1832 | D:3      | Found a basalt altar of Yredelemnul.
  1834 | D:3      | Found a burning altar of Makhleb.
  1836 | D:3      | Found an iron altar of Okawaru.
  1839 | D:3      | Found a radiant altar of Vehumet.
  1924 | D:3      | Found a stormy altar of Qazlal.
  1935 | D:3      | Found a blossoming altar of Fedhas.
  2642 | D:4      | Noticed an ogre
  2651 | D:3      | Killed an ogre
  2652 | D:3      | Gained mutation: Spells you cast may paralyse adjacent
                  | enemies. [demonic ancestry]
  2652 | D:3      | Reached XP level 6. HP: 47/47 MP: 8/10
  2932 | D:4      | Gained mutation: Your touch may irresistibly damage your
                  | foes and sap their willpower. [demonic ancestry]
  2932 | D:4      | Reached XP level 7. HP: 54/54 MP: 11/11
  3140 | D:4      | Noticed Ijyb
  3146 | D:4      | Killed Ijyb
  3483 | D:5      | Entered Level 5 of the Dungeon
  3937 | D:5      | Reached skill level 5 in Fighting
  3937 | D:5      | Gained mutation: You have a pair of horns on your head.
                  | [demonic ancestry]
  3937 | D:5      | Reached XP level 8. HP: 62/62 MP: 10/13
  3969 | D:5      | Reached skill level 5 in Translocations
  4391 | D:5      | Found an ornate altar of the Wu Jian Council.
  5014 | D:6      | Learned a level 3 spell: Gell's Gravitas
  5019 | D:6      | Learned a level 4 spell: Manifold Assault
  5120 | D:6      | Found Ulyigh's Assorted Antiques.
  5128 | D:6      | Bought a bound bronze ring for 100 gold pieces
  5128 | D:6      | Identified the ring of Moderation {Int+6 Dex+5} (You bought
                  | it in a shop on level 6 of the Dungeon)
  5128 | D:6      | Bought a red potion for 18 gold pieces
  5128 | D:6      | Bought a scroll labelled BOQELE BOLIXT for 20 gold pieces
  5128 | D:6      | Bought a scroll labelled NEADDISAPS for 20 gold pieces
  5330 | D:6      | Found Yro Yqum's Antique Armour Shoppe.
  5424 | D:6      | Found Neimuani's General Store.
  5696 | D:6      | Found an opulent altar of Gozag.
  5912 | D:7      | Reached XP level 9. HP: 69/69 MP: 12/15
  5983 | D:7      | HP: 3/70 [wight/+4 dire flail (14)]
  5983 | D:7      | HP: 1/67 [wight/+4 dire flail (2)]
  5992 | D:7      | Found a shimmering altar of Xom.
  6618 | D:7      | Found a staircase to the Ecumenical Temple.
  6772 | D:7      | Became a worshipper of Beogh the Shepherd
  6776 | D:7      | Identified a scroll of acquirement
  6776 | D:7      | Acquired 678 gold pieces
  7070 | D:7      | Found a sacrificial altar of Ru.
  7400 | D:7      | Found a shadowy altar of Dithmenos.
  7692 | D:7      | Reached skill level 1 in Invocations
  7970 | D:8      | Learned a level 3 spell: Teleport Other
  8437 | D:8      | Reached * piety under Beogh
  8438 | D:8      | Gained mutation: You have hoof-like feet. [demonic
                  | ancestry]
  8438 | D:8      | Reached XP level 10. HP: 37/79 MP: 7/17
  8583 | D:8      | Found Jiofiroi's General Store.
  8590 | D:8      | Bought a potion of heal wounds for 60 gold pieces
  8590 | D:8      | Bought 3 scrolls of enchant weapon for 270 gold pieces
  8640 | D:8      | Found a staircase to the Lair.
  8657 | D:8      | Reached skill level 5 in Polearms
  8657 | D:8      | Reached skill level 5 in Spellcasting
  9289 | D:9      | Found Torugea's Weapon Boutique.
  9424 | D:9      | Found Haxicw's Antique Weapon Shop.
  9467 | D:9      | Reached skill level 5 in Dodging
  9859 | D:9      | Found Lotacwudoz's General Store.
  9868 | D:9      | Bought a scroll of teleportation for 39 gold pieces
  9880 | D:9      | Found Nouterch's Jewellery Boutique.
  9985 | D:9      | Found a hazy altar of Hepliaklqana.
 10099 | Lair:1   | Entered Level 1 of the Lair of Beasts
 10151 | Lair:1   | Reached skill level 5 in Armour
 10408 | Lair:1   | Reached ** piety under Beogh
 10885 | Lair:1   | Gained mutation: Spells you cast may paralyse nearby
                  | enemies. [demonic ancestry]
 10885 | Lair:1   | Reached XP level 11. HP: 63/87 MP: 19/19
 11325 | Lair:1   | Reached skill level 5 in Invocations
 12851 | Lair:2   | Found a staircase to the Snake Pit.
 13158 | Lair:2   | You fall into a shaft and drop 2 floors!
 13163 | Lair:4   | Found a dark tunnel.
 13163 | Lair:4   | Noticed a death yak
 13185 | Lair:4   | Noticed a death yak
 13274 | Lair:4   | Noticed a death yak
 13281 | Volcano  | Entered a volcano
 13445 | Volcano  | Reached *** piety under Beogh
 13616 | Volcano  | Found a burning altar of Makhleb.
 13699 | Volcano  | HP: 4/90 [molten gargoyle/+0 morningstar (4)]
 13892 | Volcano  | Noticed an orc sorcerer
 13894 | Volcano  | Killed an orc sorcerer
 14051 | Volcano  | Reached XP level 12. HP: 69/97 MP: 9/21
 14186 | Lair:4   | HP: 5/145 [wyvern (3)]
 14189 | Lair:4   | HP: 1/145 [wyvern (3)]
 14189 | Lair:4   | Slain by a cane toad

Illustrated notes

Levels and vault maps discovered:
D:1:      giann_bridges, layout_basic, ebering_ecumenical_altar_abandoned,
          serial_corexii_hall, corexii_hall_statues_l,
          chequers_hall_statues_corner_a, corexii_hall_statues_l,
          minmay_box_of_dots
D:2:      layout_basic
D:3:      layout_loops_ring, grunt_temple_overflow_forces_of_nature, minitemple,
          nicolae_elyvilon_peaceful_grove
D:4:      layout_cave_pools, serial_column_ruins, column_ruins_hut,
          column_ruins_open_tiny, column_ruins_open_tiny, column_ruins_grid_3,
          column_ruins_corridor_straight, column_ruins_grid_1, uniq_ijyb
D:5:      layout_basic, mainiacjoe_overflow_24_doors
D:6:      layout_loops_ring, grunt_gozag_statues, serial_demonic,
          serial_demonic_b, serial_demonic_e, serial_demonic_b,
          serial_demonic_c, serial_demonic_c, serial_shops, shop,
          nicolae_square_shop, shop, chequers_serial_rivers_large_b,
          minmay_starry_boxes
D:7:      layout_basic, kennysheep_mini, marbit_many_paths,
          kennysheep_little_box, temple_fountains, st_stairs_4
D:8:      layout_loops_ring, lair_entry_dummy, serial_shops,
          nicolae_shop_statue_plus, grunt_ministairs_4
D:9:      layout_cave_pools, lemuel_doored_altar, serial_shops,
          nicolae_lakefront_shop, shop, shop, nicolae_shop_window_shopping,
          minivault_11
Lair:1:   layout_cave_pods, nicolae_lair_liquid_snakes
Lair:2:   layout_misc_corridors, minmay_swamp_entry_eels,
          alex1729_snake_entry_snake, lemuel_fruit_fields,
          infiniplex_staircase_pool
Lair:4:   layout_roguey, slime_entry_2, nicolae_volcano_entry_lava_flow,
          kennysheep_basilisk_garden, grunt_megastairs_5, serial_bayou_shore_a

Skill      XL: |  1  2  3  4  5  6  7  8  9 10 11 |
---------------+----------------------------------+-----
Throwing       | 1 |  1.0
Armour         | 1 2 3 4 5 6 |  6.2
Polearms       | 2 3 4 5 6 |  6.6
Dodging        | 2 3 4 5 6 |  6.3
Translocations | 3 4 5 7 8 9 |  9.2
Fighting       | 3 4 5 6 7 8 9 |  9.9
Spellcasting   | 3 4 5 6 |  6.4
Invocations    | 2 4 6 |  6.2

Action                     |  1- 3 |  4- 6 |  7- 9 | 10-12 || total
---------------------------+-------+-------+-------+-------++-------
  Melee: Spear             |   124 |   137 |   258 |       ||   519
         Touch             |    10 |    23 |    59 |    28 ||   120
         Kick              |     9 |    29 |   122 |    53 ||   213
         Headbutt          |       |    18 |    56 |    32 ||   106
         Trident           |       |       |    34 |   358 ||   392
         Unarmed           |       |       |     6 |       ||     6
  Throw: Dart              |       |     5 |       |       ||     5
         Boomerang         |       |     6 |    32 |    14 ||    52
   Cast: Lesser Beckoning  |     1 |       |    70 |    38 ||   109
         Blink             |       |       |    14 |     4 ||    18
         Manifold Assault  |       |       |    21 |    97 ||   118
         Gell's Gravitas   |       |       |       |     8 ||     8
         Teleport Other    |       |       |       |     8 ||     8
 Invoke: Convert to Beogh  |       |       |     1 |       ||     1
  Evoke: Wand              |       |       |     2 |       ||     2
    Use: Scroll            |       |       |    14 |     8 ||    22
         Potion            |       |       |     1 |     8 ||     9
   Stab: Paralysed         |       |       |    89 |    69 ||   158
 Armour: Leather armour    |    17 |       |       |    13 ||    30
         Ring mail         |    50 |    46 |   139 |    59 ||   294
         Steam dragon scal |       |       |       |    58 ||    58
         Skin              |       |       |       |    50 ||    50
  Dodge: Dodged            |    44 |    36 |    99 |    85 ||   264
         Repelled          |     2 |     1 |     1 |     7 ||    11
  Block: Other             |       |     6 |    46 |    34 ||    86
         Reflection        |       |       |     3 |     1 ||     4

Table legend: (Time is in decaauts)
 A = Elapsed time spent in this place.
 B = Non-inter-level travel time spent in this place.
 C = Inter-level travel time spent in this place.
 D = Time resting spent in this place.
 E = Time spent auto-exploring this place.
 F = Levels seen in this place.
 G = Mean time per level.
                   A        B        C        D        E       F      G
               +--------+--------+--------+--------+--------+-----+--------+
         Total |  14225 |  13838 |    387 |   2121 |   9278 |  13 | 1094.2 |
       Dungeon |  10126 |   9774 |    352 |   1146 |   7019 |   9 | 1125.1 |
          Lair |   3249 |   3215 |     34 |    554 |   2122 |   3 | 1083.0 |
       Volcano |    849 |    849 |      0 |    421 |    137 |   1 |  849.0 |
               +--------+--------+--------+--------+--------+-----+--------+

Top non-repeatable levels by time:
  Lair:1: 2244 daAuts
     D:7: 1529 daAuts
     D:5: 1400 daAuts
     D:6: 1362 daAuts
     D:8: 1218 daAuts
     D:9: 1132 daAuts
     D:1: 912 daAuts
     D:2: 903 daAuts
 Volcano: 849 daAuts
     D:4: 838 daAuts
     D:3: 828 daAuts
  Lair:2: 821 daAuts
  Lair:4: 183 daAuts
